 Dungeon Crawl Stone Soup version 0.19.0-18-g426998a (webtiles) character file.

190 dysrexia the Slasher (level 5, -6/39 HPs)
             Began as a Vampire Abyssal Knight on Nov 11, 2016.
             Was a Priest of Lugonu.
             Mangled by an ogre
             ... wielding a +0 giant spiked club
              (14 damage)
             ... on level 4 of the Dungeon.
             The game lasted 00:08:53 (2919 turns).

dysrexia the Slasher (Vampire Abyssal Knight)       Turns: 2919, Time: 00:08:53

Health: -6/39      AC:  9    Str: 12    XL:     5   Next: 41%
Magic:  6/7        EV: 11    Int: 14    God:    Lugonu [***...]
Gold:   130        SH:  0    Dex: 14    Spells: 0 memorised, 4 levels left

rFire  . . .     SeeInvis +     a - +2 falchion
rCold  . . .     Gourm    .     s - +0 ring mail
rNeg   + . .     Faith    .     (no shield)
rPois  .         Spirit   .     (no helmet)
rElec  .         Reflect  .     r - +0 cloak
rCorr  .         Harm     .     o - +0 pair of gloves
MR     .....                    z - +1 pair of boots
Stlth  +.........               (no amulet)
                                (no ring)
                                (no ring)

@: no status effects
A: fangs 3, see invisible, unbreathing
a: Bat Form, Depart the Abyss, Bend Space, Banish, Renounce Religion


You were on level 4 of the Dungeon.
You worshipped Lugonu.
Lugonu was most pleased with you.
You were not thirsty.

You visited 1 branch of the dungeon, and saw 4 of its levels.
You visited the Abyss 1 time.

You collected 130 gold pieces.

Inventory:

Hand Weapons
 a - a +2 falchion (weapon)
Missiles
 x - 15 poisoned needles
Armour
 b - a +0 leather armour
 f - a +0 chain mail
 o - a +0 pair of gloves (worn)
 r - a +0 cloak (worn)
 s - a +0 ring mail (worn)
 z - a +1 pair of boots (worn)
Wands
 y - a wand of teleportation (9/9)
Scrolls
 i - 2 scrolls of teleportation
 q - a scroll of fog
 t - 2 scrolls of remove curse
Potions
 c - 38 potions of blood
 e - 7 potions of curing
 g - a potion of invisibility
 m - a potion of mutation {unknown}
 n - a potion of agility {unknown}
 u - a potion of cancellation {unknown}
 A - a potion of heal wounds {unknown}
 B - a potion of flight {unknown}


   Skills:
 - Level 2.6 Fighting
 * Level 4.7 Long Blades
 - Level 0.7 Armour
 - Level 2.1 Dodging
 + Level 3.2 Invocations


You had 4 spell levels left.
You didn't know any spells.

Dungeon Overview and Level Annotations

Branches:
Dungeon (4/15)
 Temple: D:4-7

Altars:
Fedhas
Qazlal
Uskayaw


Innate Abilities, Weirdness & Mutations

You have razor-sharp teeth.
You have supernaturally acute eyesight. (SInv)
You can survive without breathing.


Message History

Found 14 gold pieces.
There is a stone staircase leading up here.
Found 2 potions of invisibility.
Found a stone staircase leading down.
You now have 130 gold pieces (gained 14).
An ogre comes into view. It is wielding a giant spiked club.
The ogre shouts!
The ogre moves out of view.
You hit the ogre. Your bite misses the ogre.
The ogre is lightly wounded.
The ogre hits you with a giant spiked club!!
Ouch! That really hurt!
* * * LOW HITPOINT WARNING * * *
Space bends around you!
You blink.
* * * LOW HITPOINT WARNING * * *
You fail to use your ability.
The ogre closely misses you. Space bends around you!
You blink.
* * * LOW HITPOINT WARNING * * *
There is a stone staircase leading up here.
The ogre hits you with a giant spiked club!
You die...

........!>........#
#.#.#.#...........#
# #.#...........#
#.#.#...........#
#.#.#...........#
#.#.............#
#.......#########
..#.#.............
.......@O.......##
..#.#####....##.#
#.........
......#.## ###.####
# ... .## ..


You could see an ogre.

Vanquished Creatures
  A gnoll (D:2)
  9 adders
  An ooze (D:1)
  2 dart slugs (D:3)
  A leopard gecko (D:2)
  9 orcs
  3 bats
  5 giant cockroaches
  10 goblins
  8 hobgoblins
  11 jackals
  6 kobolds
  2 quokkas (D:2)
  3 frilled lizards
  A quokka skeleton (D:3)
  6 rats
78 creatures vanquished.

Vanquished Creatures (others)
  A dart slug (D:2)
  A giant cockroach (D:2)
2 creatures vanquished.

Grand Total: 80 creatures vanquished

Notes
Turn   | Place    | Note
-------+----------+-------------------------------------------
     0 | Abyss:1  | dysrexia the Vampire Abyssal Knight began the quest for the Orb.
     0 | Abyss:1  | Reached XP level 1. HP: 17/17 MP: 2/2
    21 | D:1      | Escaped the Abyss
   161 | D:1      | Reached XP level 2. HP: 9/23 MP: 3/3
   801 | D:1      | Reached skill level 3 in Long Blades
   841 | D:2      | Found a hide-covered altar of Uskayaw.
  1000 | D:2      | Reached XP level 3. HP: 28/28 MP: 4/4
  1072 | D:2      | Reached ** piety under Lugonu
  1383 | D:2      | Found a blossoming altar of Fedhas.
  1469 | D:2      | Reached XP level 4. HP: 21/34 MP: 5/5
  1688 | D:2      | Found a stormy altar of Qazlal.
  1732 | D:2      | Reached skill level 4 in Long Blades
  2128 | D:3      | Reached XP level 5. HP: 37/39 MP: 7/7
  2614 | D:4      | Reached *** piety under Lugonu
  2690 | D:4      | Noticed a phantom
  2895 | D:4      | Noticed an ogre
  2919 | D:4      | Mangled by an ogre

Skill      XL: |  1  2  3  4  5 |
---------------+----------------+-----
Invocations    | 2 3 |  3.2
Long Blades    | 3 4 |  4.7
Fighting       | |  2.6
Armour         | |  0.7
Dodging        | |  2.1

Action                   |  1- 3 |  4- 6 || total
-------------------------+-------+-------++-------
Melee: Falchion          |   117 |   118 ||   235
       Bite              |     8 |    10 ||    18
Invok: Bend Space        |       |     2 ||     2
  Use: Potion            |     5 |     2 ||     7
       Scroll            |       |    13 ||    13
Armor: Leather armour    |    26 |       ||    26
       Ring mail         |       |    52 ||    52
Dodge: Dodged            |    86 |    85 ||   171
       Rpst.: Falchion   |    28 |    27 ||    55
